 Dungeon Crawl Stone Soup version 0.21.1-1-g345015f (webtiles) character file.

3144 shakethe the Cleaver (level 9, -3/59 HPs)
             Began as a Gargoyle Fighter on Feb 14, 2018.
             Was an Initiate of Okawaru.
             Slain by a wyvern (9 damage)
             ... on level 8 of the Dungeon.
             The game lasted 00:16:23 (7034 turns).

shakethe the Cleaver (Gargoyle Fighter)             Turns: 7034, Time: 00:16:24

Health: -3/59      AC: 21    Str: 21    XL:     9   Next: 93%
Magic:  6/9        EV:  8    Int: 11    God:    Okawaru [......]
Gold:   316        SH:  9    Dex:  9    Spells: 8/8 levels left

rFire    + . .     SeeInvis .   v - +0 hand axe (chop)
rCold    + . .     Gourm    .   c - +0 shield
rNeg     + . .     Faith    .   x - +4 ring mail of the Endless Expanse {rElec MR++ Regen+ Stlth-}
rPois    ∞         Spirit   .   (no helmet)
rElec    +         Reflect  .   H - scarf {rC+ rF+}
rCorr    .         Harm     .   s - +0 pair of gloves
MR       ++...                  (no boots)
Stlth    ..........             (no amulet)
HPRegen  0.59/turn              q - +3 ring of protection
MPRegen  0.11/turn              (no ring)

@: marked
A: negative energy resistance 1, electricity resistance, unbreathing,
petrification resistance, rot immunity, AC +6
a: Renounce Religion


You were on level 8 of the Dungeon.
You worshipped Okawaru.
Okawaru was noncommittal.
You were not hungry.

You visited 2 branches of the dungeon, and saw 9 of its levels.

You collected 316 gold pieces.

Inventory:

Hand Weapons
 a - a +0 war axe
 v - a +0 hand axe of chopping (weapon)
   (You found it on level 3 of the Dungeon)
Missiles
 I - a throwing net {=f, !d}
Armour
 b - a +0 pair of gloves
   (You found it on level 4 of the Dungeon)
 c - a +0 shield (worn)
 s - a +0 pair of gloves (worn)
   (You found it on level 2 of the Dungeon)
 x - the +4 ring mail of the Endless Expanse (worn) {rElec MR++ Regen+ Stlth-}
   (You found it on level 4 of the Dungeon)

   It insulates you from electricity.
   It affects your resistance to hostile enchantments.
   It increases your rate of regeneration.
   It makes you less stealthy.
 D - a +0 plate armour
   (You found it on level 6 of the Dungeon)
 H - a scarf of resistance (worn)
   (You found it on level 7 of the Dungeon)
Jewellery
 q - a +3 ring of protection (left hand)
   (You found it on level 2 of the Dungeon)
 G - a cursed ring of loudness {unknown}
   (You found it on level 7 of the Dungeon)
Scrolls
 h - 2 scrolls of blinking {unknown}
 i - 2 scrolls of teleportation {unknown}
 k - a scroll of enchant weapon {unknown}
 l - 5 scrolls of remove curse
 n - a scroll of fog
 o - 2 scrolls of fear {unknown}
 p - a scroll of amnesia
 y - a scroll of random uselessness {unknown}
 A - a scroll of magic mapping {unknown}
 C - a scroll of noise {unknown}
 E - a scroll of immolation {unknown}
 J - 3 scrolls of identify
Potions
 d - 2 potions of might
 e - 2 potions of agility
 g - a potion of berserk rage {unknown}
 j - 2 potions of brilliance {unknown}
 m - a potion of lignification {!q}
 r - 2 potions of mutation {!q}
 t - 3 potions of curing
 u - a potion of haste
 w - a potion of degeneration {unknown}
 F - a potion of cancellation {unknown}
Books
 z - a book of Flames
   (You found it on level 5 of the Dungeon)
 B - a book of Cantrips
   (You found it on level 6 of the Dungeon)
Comestibles
 f - 13 rations
 K - 2 chunks of flesh {@w0}


   Skills:
 + Level 8.1 Fighting
 * Level 9.0 Axes
 + Level 8.1 Armour
 - Level 3.2 Shields


You had 8 spell levels left.
You didn't know any spells.

Dungeon Overview and Level Annotations

Branches:
Dungeon (8/15)             Temple (1/1) D:7
   Lair: D:8-11

Altars:
Ashenzari
Cheibriados
Dithmenos
Elyvilon
Fedhas
Gozag
Hepliaklqana
Kikubaaqudgha
Makhleb
Nemelex Xobeh
Okawaru
Qazlal
Ru
Sif Muna
Trog
Uskayaw
Vehumet
Wu Jian
Xom
Yredelemnul
Zin
The Shining One


Innate Abilities, Weirdness & Mutations

You are resistant to torment.
Your stone body is resilient. (AC +6)
You are immune to poison.
You resist negative energy. (rN+)
You are resistant to electric shocks. (rElec)
You can survive without breathing.
You are immune to petrification.
You are immune to rotting.


Message History

The kobold hits you with a short sword of draining.
You take 2 damage, and have 40/59 hp.
You slash the kobold!
You kill the kobold!
You hit the big kobold. You hit the kobold.
You kill the kobold!
You hit the kobold.
You kill the kobold!
You hit the kobold. You block the kobold's attack.
The big kobold completely misses you.
The kobold unwields an uncursed blowgun.
The kobold hits you but does no damage. The kobold barely misses you.
The big kobold hits you but does no damage.
Things that are here:
a giant club; a kobold corpse The kobold wields an uncursed blowgun.
The kobold shoots a poisoned needle.
The poisoned needle hits you! You block the kobold's attack.
The big kobold hits you but does no damage.
You see here a poisoned needle.
You slash the bullfrog! You hit the big kobold. You hit the kobold.
You kill the kobold!
Okawaru accepts your kill. You block the bullfrog's attack.
The kobold shoots a poisoned needle.
The poisoned needle barely misses you.
You hit the bullfrog but do no damage. You hit the big kobold.
You hit the wyvern. You block the wyvern's attack.
You block the bullfrog's attack.
The big kobold hits you but does no damage.
The kobold shoots a poisoned needle.
The poisoned needle hits you!
The wyvern bites you but does no damage.
You barely miss the bullfrog. You closely miss the big kobold.
You closely miss the wyvern. You block the bullfrog's attack.
The big kobold hits you but does no damage.
The wyvern closely misses you.
The kobold shoots a poisoned needle.
You block the poisoned needle.
The bullfrog hits you but does no damage.
You barely miss the bullfrog. You barely miss the wyvern.
Your shield and ring mail of the Endless Expanse prevent you from hitting the big kobold.
The wyvern bites you! The bullfrog hits you. The big kobold closely misses you.
The kobold shoots a poisoned needle.
The poisoned needle hits you! You block the wyvern's attack.
You take 17 damage, and have 27/59 hp.
MASSIVE DAMAGE!!
You hit the bullfrog but do no damage. You barely miss the wyvern.
You hit the big kobold. You block the bullfrog's attack.
The wyvern hisses menacingly.
You block the wyvern's attack.
The big kobold hits you but does no damage.
The bullfrog barely misses you.
The kobold shoots a poisoned needle.
You block the poisoned needle.
You hit the bullfrog. You hit the wyvern but do no damage.
You hit the big kobold. The wyvern bites you! You block the bullfrog's attack.
The big kobold hits you but does no damage.
You take 8 damage, and have 20/59 hp.
You hit the bullfrog.
Your ring mail of the Endless Expanse prevents you from hitting the wyvern.
You hit the kobold.
You kill the kobold!
Okawaru accepts your kill.
You hit the big kobold but do no damage.
The wyvern barely misses you. The bullfrog hits you.
* * * LOW HITPOINT WARNING * * *
An adder comes into view.
You take 3 damage, and have 17/59 hp.
You hit the bullfrog. You hit the wyvern. You hit the big kobold.
You block the wyvern's attack. The bullfrog barely misses you.
The big kobold barely misses you.
The wyvern bites you but does no damage.
You barely miss the bullfrog. You hit the wyvern.
You hit the big kobold but do no damage.
You block the bullfrog's attack. The wyvern closely misses you.
You block the big kobold's attack. The bullfrog barely misses you.
You barely miss the bullfrog. You hit the wyvern.
You closely miss the big kobold. The wyvern bites you.
* * * LOW HITPOINT WARNING * * *
The bullfrog hits you.
* * * LOW HITPOINT WARNING * * *
The big kobold hits you with a club.
* * * LOW HITPOINT WARNING * * *
You closely miss the bullfrog. You barely miss the big kobold.
You hit the wyvern but do no damage. The wyvern bites you.
* * * LOW HITPOINT WARNING * * *
The bullfrog hits you but does no damage.
The wyvern bites you but does no damage.
You block the bullfrog's attack. The big kobold barely misses you.
You take 13 damage, and have 5/59 hp.
MASSIVE DAMAGE!!
You feel better. The wyvern bites you!
* * * LOW HITPOINT WARNING * * *
The bullfrog barely misses you. You block the big kobold's attack.
A sky beast comes into view.
You regained 2 hp, and now have 7/59 hp.
You barely miss the bullfrog. You miss the adder. You hit the big kobold.
You kill the big kobold!
Okawaru accepts your kill.
You hit the wyvern but do no damage. The wyvern bites you.
* * * LOW HITPOINT WARNING * * *
The bullfrog barely misses you. The adder bites you but does no damage.
The wyvern bites you!
You die...

.........#.#.###.#
..#.##............
............####. #
###...##..Y##
#.........##########
#.....#.#.....#.....#
.............)()......
####.##......l))......
#. #......F@....... #
##...[.S....!(..
#..............
#............<.
#..............
#.......#.(...#
#.....######### #.....


You could see a wyvern, a sky beast, a bullfrog and an adder.

Vanquished Creatures
  Pikel (D:4)
  Sigmund (D:2)
  Eustachio (D:5)
  A water moccasin (D:7)
  2 black bears
  A sky beast (D:5)
  3 slaves (D:4)
  An ice beast (D:5)
  An eye of draining (D:8)
  3 ogres
  A phantom (D:6)
  A centaur (D:7)
  2 big kobolds
  A bullfrog (D:6)
  3 scorpions
  4 killer bees
  A bullfrog zombie (D:6)
  4 crimson imps
  A quasit (D:5)
  2 hounds
  An orc priest (D:6)
  An iguana (D:6)
  Natasha (thrice) (D:3)
  10 orc wizards
  A worker ant zombie (D:6)
  4 gnolls
  7 adders
  A shadow imp (D:8)
  A worm (D:5)
  4 dart slugs
  3 leopard geckos
  23 orcs
  11 bats
  6 giant cockroaches
  4 goblins
  4 hobgoblins
  5 jackals
  2 quokkas
  2 ball pythons
  6 frilled lizards
  A giant cockroach zombie (D:5)
  20 kobolds
  A quokka skeleton (D:5)
  14 rats
170 creatures vanquished.

Notes
Turn   | Place    | Note
-------+----------+-------------------------------------------
     0 | D:1      | shakethe the Gargoyle Fighter began the quest for the Orb.
     0 | D:1      | Reached XP level 1. HP: 14/14 MP: 1/1
    43 | D:1      | Reached skill level 2 in Axes
    66 | D:1      | Reached XP level 2. HP: 19/19 MP: 2/2
   655 | D:2      | Found a faded altar of an unknown god.
   661 | D:2      | Reached XP level 3. HP: 23/23 MP: 3/3
   856 | D:2      | Found a blossoming altar of Fedhas.
  1107 | D:2      | Noticed Sigmund
  1113 | D:2      | Reached XP level 4. HP: 19/29 MP: 4/4
  1230 | D:2      | Killed Sigmund
  1230 | D:2      | Reached skill level 4 in Fighting
  1230 | D:2      | Reached skill level 4 in Axes
  1230 | D:2      | Reached skill level 4 in Armour
  1230 | D:2      | Reached XP level 5. HP: 26/34 MP: 5/5
  1321 | D:1      | Reached XP level 6. HP: 37/39 MP: 6/6
  1442 | D:2      | Found a stormy altar of Qazlal.
  1874 | D:3      | Noticed Natasha
  1880 | D:3      | Killed Natasha
  2222 | D:3      | Noticed Natasha
  2243 | D:3      | Killed Natasha
  2657 | D:3      | Noticed Natasha
  2665 | D:3      | Killed Natasha
  2956 | D:4      | Noticed a slave
  2957 | D:4      | Noticed a slave
  2981 | D:4      | Killed a slave
  2983 | D:4      | Noticed a slave
  3006 | D:4      | Killed a slave
  3020 | D:4      | Killed a slave
  3184 | D:4      | Got a transparent ring mail
  3195 | D:4      | Identified the +4 ring mail of the Endless Expanse {rElec MR++ Regen+ Stlth-} (You found it on level 4 of the Dungeon)
  3249 | D:4      | Found a deep blue altar of Sif Muna.
  3270 | D:4      | Noticed a slave
  3270 | D:4      | Noticed Pikel
  3322 | D:4      | Killed Pikel
  3322 | D:4      | Reached skill level 5 in Fighting
  3322 | D:4      | Reached skill level 5 in Axes
  3322 | D:4      | Reached skill level 5 in Armour
  3322 | D:4      | Reached XP level 7. HP: 41/45 MP: 7/7
  3768 | D:5      | Entered Level 5 of the Dungeon
  3768 | D:5      | Noticed Eustachio
  3794 | D:5      | Reached skill level 6 in Axes
  3794 | D:5      | Reached XP level 8. HP: 51/51 MP: 8/8
  3882 | D:5      | Killed Eustachio
  3882 | D:5      | Reached skill level 6 in Fighting
  3882 | D:5      | Reached skill level 6 in Armour
  4413 | D:5      | Found a shattered altar of Ashenzari.
  4857 | D:6      | Reached skill level 7 in Axes
  4933 | D:5      | Reached XP level 9. HP: 26/56 MP: 9/9
  5028 | D:5      | Reached skill level 7 in Fighting
  5039 | D:5      | Reached skill level 7 in Armour
  5161 | D:6      | Found a glowing drain.
  5388 | D:6      | Found a glowing silver altar of Zin.
  5447 | D:6      | Found a basalt altar of Yredelemnul.
  5448 | D:6      | Found a shimmering altar of Xom.
  5583 | D:7      | Reached skill level 8 in Axes
  6050 | D:7      | Found a staircase to the Ecumenical Temple.
  6096 | Temple   | Entered the Ecumenical Temple
  6138 | Temple   | Became a worshipper of Warmaster Okawaru
  6318 | D:7      | Found a white marble altar of Elyvilon.
  6321 | D:7      | Found a bloodstained altar of Trog.
  6324 | D:7      | Found an ancient bone altar of Kikubaaqudgha.
  6994 | D:8      | Reached skill level 8 in Fighting
  6994 | D:8      | Reached skill level 8 in Armour
  7018 | D:8      | Reached skill level 9 in Axes
  7031 | D:8      | HP: 10/59 [bullfrog (6)]
  7034 | D:8      | Slain by a wyvern

Skill      XL: |  1  2  3  4  5  6  7  8  9 |
---------------+----------------------------+-----
Axes           | 2 4 5 6 7 9 |  9.0
Fighting       | 4 5 6 8 |  8.1
Armour         | 4 5 6 8 |  8.1
Shields        | |  3.2

Action                   |  1- 3 |  4- 6 |  7- 9 || total
-------------------------+-------+-------+-------++-------
Melee: War axe           |   134 |   114 |       ||   248
       Hand axe          |       |   114 |   537 ||   651
  Use: Scroll            |       |     8 |       ||     8
       Potion            |       |       |     1 ||     1
  Eat: Chunk             |     1 |     7 |    10 ||    18
       Ration            |       |       |     1 ||     1
Armor: Scale mail        |    91 |   104 |       ||   195
       Ring mail         |       |    18 |   434 ||   452
Dodge: Dodged            |    31 |    69 |   259 ||   359
Block: Shield            |    80 |    98 |   361 ||   539

Vault maps used:
D:1:      minmay_arrival_cross
D:2:      lemuel_round_altar, overflow_temple_1_default,
          chequers_ecumenical_altar_island, uniq_sigmund
D:3:      first_ration, uniq_natasha
D:4:      led_sif_book, lemuel_old_faithful, uniq_pikel
D:5:      nicolae_ashenzari_panopticon, feat_on_display, uniq_eustachio
D:6:      zin_statuary, gammafunk_temple_overflow_statue,
          cheibrodos_sewer_entry_drain, minmay_misc_feat_five
D:7:      grunt_temple_overflow_diamond, minmay_temple_entry_statues_fountains,
          minmay_misc_feat_hallway
D:8:      erik_lair_dragon
Temple:   minmay_temple_bridge_abc

Table legend:
 A = Turns spent in this place as a percentage of turns spent in the entire game.
 B = Non-inter-level travel turns spent in this place as a percentage of non-inter-level travel turns spent in the entire game.
 C = Inter-level travel turns spent in this place as a percentage of turns spent in this place.
 D = Turns resting spent in this place as a percentage of non-inter-level travel turns spent in this place.
 E = Turns spent auto-exploring this place as a percentage of non-inter-level travel turns spent in this place.
 F = Non-inter-level travel turns spent in this place divided by the number of levels of this place that you've seen.
                   A       B       C       D       E      F
               +-------+-------+-------+-------+-------+----------------------
         Total | 100.0 | 100.0 |   1.3 |   4.4 |  55.9 | 771.2
       Dungeon |  99.1 |  99.1 |   1.3 |   4.4 |  55.9 | 859.5
        Temple |   0.9 |   0.9 |   0.0 |   0.0 |  53.8 |  65.0
               +-------+-------+-------+-------+-------+----------------------

Table legend:
 A = Kills in this place as a percentage of kills in entire the game.
 B = Kills by you in this place as a percentage of kills by you in the entire game.
 C = Kills by friends in this place as a percentage of kills by friends in the entire game.
 D = Other kills in this place as a percentage of other kills in the entire game.
 E = Experience gained in this place as a percentage of experience gained in the entire game.
 F = Experience gained in this place divided by the number of levels of this place that you have seen.
                   A       B       C       D       E      F
               +-------+-------+-------+-------+-------+----------------------
         Total | 100.0 | 100.0 |   N/A |   N/A | 100.0 | 499.1
       Dungeon | 100.0 | 100.0 |   N/A |   N/A | 100.0 | 561.5
               +-------+-------+-------+-------+-------+----------------------
